AoeStats
← Fries

Pilgrims

509399973Analyzed
4v4 RM · 6d ago on Sep 26, 2026· 15m 17s· 8 players
Game mode
Random Map
Map size
Large (8 player)
Population
200
Speed
Normal
Resources
Standard
Victory
Conquest
Starting age
Dark Age
Ending age
Imperial Age
RankedLock teamsTeams togetherTeam positionsShared explorationLock speedFull tech treeHidden civsTurbo modeCheats
Victory
Defeat
🇹🇼 Byzantines · Taiwan
1599
+9
🇹🇼 Spanish · Taiwan
1598
+9
1565
+10
🇹🇼 Franks · Taiwan
1531
+11
🇩🇪 Vikings · Germany
1477
-12
🇸🇬 Mongols · Singapore
1431
-10
🇨🇳 Celts · China
1416
-9
🇮🇳 Inca · India
1387
-8
twitch.tv/TheSeniorSmurf
6:40 Loom
7:46 Loom
11:20 Feudal Age
12:49 Fishing Lines
15:20 Castle Age
13:07 Fishing Lines
13:16 Horse Collar
13:24 Double-Bit Axe
14:43 Champi Runner
15:25 Scale Mail Armor
15:35 Forging
Erg_Raider
8:22 Loom
10:58 Feudal Age
11:57 Gold Mining
11:54 Double-Bit Axe
15:29 Fletching
8316699
12:52 Feudal Age
15:40 Double-Bit Axe
用爱感化队友
11:05 Feudal Age
11:31 Fishing Lines
12:26 Fletching
13:37 Scale Barding Armor
15:40 Wheelbarrow
再吵去東湖框你媽出場
3:50 Loom
13:07 Feudal Age
13:33 Fishing Lines
13:49 Double-Bit Axe
17:41 Castle Age
Fries
5:31 Loom
12:53 Feudal Age
16:42 Castle Age
BøM_antihack.exe
3:54 Loom
11:54 Feudal Age
12:23 Double-Bit Axe
BøM_Sheuu
9:55 Feudal Age
13:27 Castle Age
12:38 Double-Bit Axe
14:29 Bow Saw
15:10 Loom
Connection lost

Rejoining the realm…

Still unreachable

The connection could not be restored.

Session expired

The server has moved on; the page needs a fresh start.